 Dungeon Crawl Stone Soup version 0.20-a0-1116-gaa52201 (webtiles) character file.

110 TheGoonsmith the Chiller (level 4, -3/30 HPs)
             Began as a Merfolk Ice Elementalist on May 8, 2017.
             Slain by an ogre
             ... wielding a +0 giant spiked club
              (10 damage)
             ... on level 3 of the Dungeon.
             The game lasted 00:05:10 (2233 turns).

TheGoonsmith the Chiller (Merfolk Ice Elementalist) Turns: 2233, Time: 00:05:11

Health: -3/30      AC:  2    Str:  8    XL:     4   Next: 91%
Magic:  3/8        EV: 14    Int: 20    God:
Gold:   164        SH:  0    Dex: 14    Spells: 3/9 levels left

rFire    . . .     SeeInvis .   v - -3 spear (curse)
rCold    . . .     Gourm    .   (no shield)
rNeg     . . .     Faith    .   a - +0 robe
rPois    .         Spirit   .   (no helmet)
rElec    .         Reflect  .   (no cloak)
rCorr    .         Harm     .   (no gloves)
MR       .....                  (no boots)
Stlth    ++........             (no amulet)
Regen    0.1/turn               (no ring)
MPRegen  0.2/turn               (no ring)

@: brilliant, flying
A: change form in water, swift swim, stealthy swim
a: no special abilities


You were on level 3 of the Dungeon.
You were not hungry.

You visited 1 branch of the dungeon, and saw 3 of its levels.

You collected 164 gold pieces.

Inventory:

Hand Weapons
 f - a +0 club
 g - a +0 mace
 v - a cursed -3 spear (weapon)
Armour
 a - a +0 robe (worn)
Jewellery
 k - an uncursed amulet of magic regeneration {unknown}
 m - an uncursed ring of flight {unknown}
Wands
 u - a wand of polymorph (10/24)
Scrolls
 d - a scroll of immolation {unknown}
 i - a scroll of enchant armour {unknown}
 j - a scroll of identify
 l - 3 scrolls of remove curse {unknown}
 o - a scroll of random uselessness {unknown}
 p - a scroll of fear {unknown}
 q - 3 scrolls of teleportation {unknown}
 s - a scroll of recharging {unknown}
 y - a scroll of magic mapping {unknown}
Potions
 h - a potion of curing
 n - 2 potions of mutation
Books
 b - a book of Frost

   Spells                             Type                      Level
   a - Freeze                         Ice                          1
   b - Throw Frost                    Conjuration/Ice              2
   c - Ozocubu's Armour               Charms/Ice                   3
   d - Throw Icicle                   Conjuration/Ice              4
   e - Summon Ice Beast               Ice/Summoning                4
Comestibles
 c - 2 bread rations
 r - 3 fruits
 t - 2 royal jellies
 w - 3 chunks of flesh
 A - a meat ration


   Skills:
 - Level 3.6 Dodging
 - Level 2.1 Stealth
 - Level 3.0 Spellcasting
 - Level 0.7 Conjurations
 - Level 2.0 Charms
 + Level 4.2 Ice Magic


You had 3 spell levels left.
You knew the following spells:

 Your Spells              Type           Power        Failure   Level  Hunger
a - Freeze                Ice            ####         1%          1    None
b - Throw Frost           Conj/Ice       ###...       1%          2    ##.....
c - Ozocubu's Armour      Chrm/Ice       ####....     1%          3    ###....


Dungeon Overview and Level Annotations

Branches:
Dungeon (3/15)

Altars:
Kikubaaqudgha


Message History

The ogre is severely wounded.
The ogre hits you with a giant spiked club!!
Ouch! That really hurt!
* * * LOW HITPOINT WARNING * * *
Casting: Freeze
Confirm with . or Enter, or press ? or * to list all spells.
Aiming: Freeze
Press: ? - help, Shift-Dir - straight line, f/p - ogre
Aim: an ogre, wielding a giant spiked club (severely wounded)
You freeze the ogre.
The ogre is severely wounded.
Casting: Freeze
Confirm with . or Enter, or press ? or * to list all spells.
Aiming: Freeze
Press: ? - help, Shift-Dir - straight line, f/p - ogre
Aim: an ogre, wielding a giant spiked club (severely wounded)
You freeze the ogre.
The ogre is almost dead.
The ogre hits you with a giant spiked club!
You die...

.# ##. .##.. #...... #..>..
#.... #.#.# # ♣
###########.#.#.##.♣
##.........@O..#....
#..................♣
#..............##..
#.......####....#
#..........###..#
#..........# #..#. ♣...P#
#..........# #.÷#.#♣....+
#..........###..#.......####
######.....##...#...♣.......


You could see an ogre.

Vanquished Creatures
  Terence (D:2)
  A gnoll (D:1)
  2 adders
  An ooze (D:2)
  2 dart slugs (D:1)
  2 leopard geckos (D:1)
  An orc (D:3)
  9 bats
  3 giant cockroaches
  6 goblins
  2 hobgoblins (D:1)
  A ball python (D:2)
  4 frilled lizards
  6 kobolds
  8 rats
49 creatures vanquished.

Notes
Turn   | Place    | Note
-------+----------+-------------------------------------------
     0 | D:1      | TheGoonsmith the Merfolk Ice Elementalist began the quest for the Orb.
     0 | D:1      | Reached XP level 1. HP: 13/13 MP: 3/3
   126 | D:1      | Reached XP level 2. HP: 4/19 MP: 0/5
   458 | D:1      | Learned a level 2 spell: Throw Frost
   597 | D:1      | Reached XP level 3. HP: 18/24 MP: 1/6
   745 | D:1      | Learned a level 3 spell: Ozocubu's Armour
   796 | D:1      | Reached skill level 4 in Ice Magic
  1232 | D:2      | Noticed Terence
  1238 | D:2      | Killed Terence
  1238 | D:2      | Reached skill level 1 in Charms
  1238 | D:2      | Reached XP level 4. HP: 23/30 MP: 0/8
  1840 | D:2      | Found an ancient bone altar of Kikubaaqudgha.
  2164 | D:3      | Noticed an ogre
  2233 | D:3      | Slain by an ogre

Vault maps used:
D:1:      dpeg_arrival_subterranean_lakeside_camping
D:2:      kiku_gazebo_garden_becter, uniq_terence
D:3:      wad_woods_settlement, st_stairs_2, kennysheep_nub

Skill      XL: |  1  2  3  4 |
---------------+-------------+-----
Dodging        | 3 |  3.6
Ice Magic      | 4 |  4.2
Charms         | 1 2 |  2.0
Spellcasting   | 3 |  3.0
Stealth        | |  2.1
Conjurations   | |  0.7

Action                   |  1- 3 |  4- 6 || total
-------------------------+-------+-------++-------
Melee: Mace              |     3 |       ||     3
       Spear             |       |    10 ||    10
 Cast: Freeze            |    48 |    39 ||    87
       Throw Frost       |     1 |     1 ||     2
  Use: Scroll            |       |     3 ||     3
       Potion            |       |     3 ||     3
 Stab: Sleeping          |       |     4 ||     4
  Eat: Chunk             |     1 |     4 ||     5
Armor: Robe              |     8 |     9 ||    17
Dodge: Dodged            |    18 |    24 ||    42
